 Dungeon Crawl Stone Soup version 0.26.1-2-gb8aa6d0cf2 (webtiles) character file.

Game seed: 17162710182516247936

1297 FishyPogo the Transmogrifier (level 8, -9/54 HPs)
             Began as a Grey Draconian Transmuter on Feb 24, 2021.
             Was a Follower of Hepliaklqana.
             Mangled by Prince Ribbit (17 damage)
             ... on level 5 of the Dungeon.
             The game lasted 00:22:19 (4780 turns).

FishyPogo the Transmogrifier (DrTm)                 Turns: 4780, Time: 00:22:20

Health: -9/54      AC: 11    Str: 13    XL:     8   Next: 31%
Magic:  11/11      EV: 12    Int: 14    God:    Hepliaklqana [*.....]
Gold:   172        SH:  0    Dex: 13    Spells: 5/11 levels left

rFire    + . .     SeeInvis .     - Unarmed
rCold    . . .     Faith    +   (no shield)
rNeg     + . .     Spirit   .   (armour unavailable)
rPois    .         Reflect  .   (helmet restricted)
rElec    .         Harm     .   (no cloak)
rCorr    .         Rampage  .   (no gloves)
Will     .....                  (no boots)
Stlth    ..........             t - amulet of faith
HPRegen  0.18/turn              a - ring of positive energy
MPRegen  0.12/turn              g - ring of attention (curse)

@: no status effects
A: walk through water, unfitting armour, reduced essence, claws 1, stinger 1,
fire resistance 1, screaming 1, unbreathing, cold-blooded, AC +11
a: Renounce Religion, Recall Ancestor, Ancestor Identity


You were on level 5 of the Dungeon.
You worshipped Hepliaklqana.
Hepliaklqana was aware of your devotion.
You visited 1 branch of the dungeon, and saw 5 of its levels.

You collected 172 gold pieces.

Inventory:

Hand Weapons
 v - a cursed +0 whip
Missiles
 b - 125 stones
 k - 12 poisoned darts (quivered)
 s - 5 boomerangs
Armour
 r - the +3 pair of gauntlets of War {Slay+5}
   (You found it on level 4 of the Dungeon)

   It affects your accuracy and damage with ranged weapons and melee attacks
   (+5).
Jewellery
 a - a ring of positive energy (left claw)
 g - a cursed ring of attention (right claw)
 t - an amulet of faith (around neck)
Wands
 p - a wand of polymorph (8)
Scrolls
 c - 2 scrolls of fear {unknown}
 e - 2 scrolls of teleportation
 h - a scroll of magic mapping
 m - 2 scrolls of immolation
 n - 3 scrolls of remove curse
 o - 2 scrolls of enchant weapon
Potions
 d - a potion of flight
 f - a potion of curing
 j - 2 potions of berserk rage


   Skills:
 - Level 2.0 Fighting
 - Level 2.0 Dodging
 + Level 6.4 Unarmed Combat
 - Level 2.0 Spellcasting
 * Level 8.4 Transmutations


You had 5 spell levels left.
You knew the following spells:

 Your Spells              Type           Power        Failure   Level
l - Spider Form           Tmut/Pois      6%           13%         3
u - Wereblood             Tmut           24%          1%          2
y - Beastly Appendage     Tmut           48%          1%          1

Your spell library contained the following spells:

 Spells                   Type           Power        Failure   Level
 Blade Hands              Tmut           12%          22%         5
 Ice Form                 Ice/Tmut       13%          38%         4


Dungeon Overview and Level Annotations

Branches:
Dungeon (5/15)             Temple (0/1) D:5

Altars:
Cheibriados
Elyvilon
Hepliaklqana
Kikubaaqudgha
Trog
Vehumet
The Shining One

Annotations:
D:2 1 runed translucent door, Crazy Yiuf
D:5 Grinder, Prince Ribbit


Innate Abilities, Weirdness & Mutations

You can walk through water.
Your dull iron-grey scales are very hard. (AC +11)
You cannot fit into any form of body armour.
You can survive without breathing.
You are cold-blooded and may be slowed by cold attacks.
Your life essence is reduced to manifest your ancestor. (-10% HP)
You have sharp fingernails.
Your tail ends in a poisonous barb.
Your flesh is heat resistant. (rF+)
You occasionally shout uncontrollably at your foes.


Message History

* * * LOW HITPOINT WARNING * * *
It was a potion of mutation.
You feel extremely strange.
Your fingernails lengthen.
You feel resistant to heat.
You feel the urge to shout.
A poisonous barb forms on the end of your tail.
The bullfrog zombie completely misses you.
The leopard gecko barely misses you. The orc barely misses you.
Prince Ribbit hops awkwardly around.
The leopard gecko misses you.
The bullfrog zombie hits you but does no damage.
The orc closely misses you.
It was a potion of cancellation.
Your magical effects are unravelling.
You feel magically purged.
Your horns disappear.
Your talons disappear.
You feel yourself speed up.
The orc wizard mumbles some strange words.
The orc wizard blinks!
The bullfrog zombie hits you.
* * * LOW HITPOINT WARNING * * *
The leopard gecko barely misses you. Prince Ribbit hits you!
You die...

*,*** *,,,,,,,.,...#......**#....
***** *,,,,,#.#.##.#..!#.####...#
⌠,⌠****,,,,,#.*................##
,>,+,,,,,.,,#.###....#.o.†...(##
⌠,⌠****,,..,#..#....§....##.#.(##
***** *,*##.##.#.#......###......
*,*** *,,,....$./.......###......
*,* *,,*#..#..ooo....#.........
*,* *,,**#...F@##(.....#.......
*,*****,####...Zl#.F(...##.#.....
*,,,,,,,,........................
,,,,,,,,####....#...##.##.###....
******#.#.......#.#....##.#####(.
#......#......#####....[.(.
*.####......#######...^...# *,*
##..?..####.........###
#.###...##..##..#*#.....#**


You could see Prince Ribbit, an orc wizard (fast), 3 orcs, a bullfrog zombie and
a leopard gecko.

Vanquished Creatures
  Sigmund (D:3)
  Edmund (D:4)
  2 ogres
  A phantom (D:4)
  A centaur (D:5)
  An orc wizard (D:4)
  3 hounds (D:4)
  2 orc priests (D:3)
  3 worker ants
  A worker ant zombie (D:5)
  5 adders
  A shadow imp (D:5)
  A worm (D:2)
  2 dart slugs (D:2)
  3 leopard geckos
  19 orcs
  A ball python (D:4)
  8 bats
  5 giant cockroaches
  5 goblins
  9 hobgoblins
  9 jackals
  A quokka (D:4)
  6 frilled lizards
  7 kobolds
  3 rats
101 creatures vanquished.

Vanquished Creatures (collateral kills)
  Menkaure (D:5)
  An ogre (D:4)
  Terence (D:3)
  An orc wizard (D:5)
  An adder (D:5)
  2 orcs
  A giant cockroach (D:4)
  A jackal (D:3)
  A quokka (D:4)
10 creatures vanquished.

Vanquished Creatures (others)
  2 ancestors (D:5)
2 creatures vanquished.

Grand Total: 113 creatures vanquished

Notes
Turn   | Place    | Note
-------+----------+-------------------------------------------
     0 | D:1      | FishyPogo the Draconian Transmuter began the quest for the
                  | Orb.
     0 | D:1      | Reached XP level 1. HP: 16/16 MP: 3/3
   429 | D:1      | Reached XP level 2. HP: 22/23 MP: 3/5
   432 | D:1      | Learned a level 2 spell: Wereblood
  1200 | D:2      | Found a snail-covered altar of Cheibriados.
  1265 | D:2      | Reached XP level 3. HP: 24/29 MP: 4/6
  1350 | D:2      | Reached skill level 3 in Transmutations
  1520 | D:2      | Reached XP level 4. HP: 23/36 MP: 5/7
  2014 | D:2      | Found a runed translucent door.
  2016 | D:2      | Noticed Crazy Yiuf
  2152 | D:3      | Found a glowing golden altar of the Shining One.
  2181 | D:3      | Reached skill level 4 in Transmutations
  2315 | D:3      | Noticed an ogre
  2322 | D:3      | Learned a level 3 spell: Spider Form
  2332 | D:3      | Killed an ogre
  2333 | D:3      | Reached XP level 5. HP: 41/41 MP: 5/8
  2526 | D:3      | Noticed Sigmund
  2663 | D:3      | Killed Sigmund
  2664 | D:3      | Reached skill level 5 in Transmutations
  2664 | D:3      | Reached XP level 6. HP: 34/48 MP: 6/9
  2989 | D:3      | Found a hazy altar of Hepliaklqana.
  2992 | D:3      | Became a worshipper of Hepliaklqana the Forgotten
  3001 | D:3      | Noticed Terence
  3012 | D:3      | Killed Terence
  3302 | D:3      | Reached skill level 6 in Transmutations
  3395 | D:4      | Reached skill level 5 in Unarmed Combat
  3395 | D:4      | Your scales start taking on a dull iron-grey colour.
  3395 | D:4      | Reached XP level 7. HP: 32/49 MP: 6/10
  3395 | D:4      | Gained mutation: You can survive without breathing. [Grey
                  | Draconian growth]
  3511 | D:4      | Found an ancient bone altar of Kikubaaqudgha.
  3543 | D:4      | Found the +3 pair of gauntlets of War {Slay+5}
  3784 | D:4      | Found a radiant altar of Vehumet.
  4226 | D:4      | Reached skill level 7 in Transmutations
  4326 | D:4      | Found a bloodstained altar of Trog.
  4482 | D:5      | Entered Level 5 of the Dungeon
  4499 | D:5      | Noticed Menkaure
  4503 | D:5      | Found a white marble altar of Elyvilon.
  4511 | D:5      | Killed Menkaure
  4512 | D:5      | Reached XP level 8. HP: 54/54 MP: 6/11
  4528 | D:5      | Noticed Prince Ribbit
  4538 | D:5      | Noticed Grinder
  4541 | D:5      | Noticed Edmund
  4551 | D:5      | Reached * piety under Hepliaklqana
  4576 | D:4      | Killed Edmund
  4577 | D:4      | Reached skill level 8 in Transmutations
  4779 | D:5      | Gained mutation: You have sharp fingernails. [potion of
                  | mutation]
  4779 | D:5      | Gained mutation: Your flesh is heat resistant. (rF+)
                  | [potion of mutation]
  4779 | D:5      | Gained mutation: You occasionally shout uncontrollably at
                  | your foes. [potion of mutation]
  4779 | D:5      | Gained mutation: Your tail ends in a poisonous barb.
                  | [potion of mutation]
  4780 | D:5      | Mangled by Prince Ribbit

Illustrated notes

Levels and vault maps discovered:
D:1:      saegor_arrival_simple_b, layout_basic, palyth_stone_intersect
D:2:      layout_rooms, cheibriados_altar_1, uniq_crazy_yiuf_cottage
D:3:      layout_basic, old_standard_altar, lemuel_doored_altar, uniq_sigmund,
          uniq_terence
D:4:      layout_rooms, overflow_temple_1_default,
          nicolae_overflow_crystal_walls, nicolae_overflow_hidden_temple
D:5:      layout_rooms, overflow_temple_1_default, marbit_many_paths,
          temple_doors_e, uniq_prince_ribbit1, uniq_menkaure, uniq_grinder,
          uniq_edmund

Skill      XL: |  1  2  3  4  5  6  7  8 |
---------------+-------------------------+-----
Dodging        | 2 |  2.0
Fighting       | 2 |  2.0
Transmutations | 3 4 5 6 7 8 |  8.4
Unarmed Combat | 4 5 6 |  6.4
Spellcasting   | |  2.0

Action                   |  1- 3 |  4- 6 |  7- 9 || total
-------------------------+-------+-------+-------++-------
Melee: Unarmed           |   114 |   118 |   110 ||   342
       Tailslap          |    10 |     8 |    10 ||    28
       Headbutt          |    15 |     6 |    15 ||    36
       Kick              |     7 |    16 |    22 ||    45
       Punch             |       |     1 |     1 ||     2
Throw: Dart              |       |     1 |       ||     1
 Cast: Beastly Appendage |    27 |    13 |    12 ||    52
       Wereblood         |     1 |     5 |     3 ||     9
       Spider Form       |       |     4 |     3 ||     7
Invok: Ancestor Identity |       |       |     1 ||     1
  Use: Scroll            |       |     8 |     3 ||    11
       Potion            |       |       |     4 ||     4
 Stab: Sleeping          |       |     1 |       ||     1
Armor: Skin              |    54 |    43 |    60 ||   157
Dodge: Dodged            |   108 |    81 |   125 ||   314
